 Dungeon Crawl Stone Soup version 0.31-a0-180-g519b7de00c (webtiles) character file.

Game seed: 16206690128138074954

4477 qw the Skirmisher (level 10, -2/94 HPs)
             Began as a Naga Hunter on June 19, 2023.
             Was a Priest of Okawaru.
             Slain by Gastronok (16 damage)
             ... on level 8 of the Dungeon.
             The game lasted 00:04:12 (8408 turns).

qw the Skirmisher (Naga Hunter)                     Turns: 8408, Time: 00:04:12

Health: -2/94      AC: 11    Str: 15    XL:     10   Next: 38%
Magic:  13/14      EV: 14    Int:  9    God:    Okawaru [***...]
Gold:   367        SH:  0    Dex: 18    Spells: 9/9 levels left

rFire   . . .        Y - +1 shortbow
rCold   + . .        (shield currently unavailable)
rNeg    . . .        c - +0 leather armour
rPois   +            m - +2 helmet
rElec   .            q - +0 cloak
rCorr   .            s - +0 pair of gloves
SInv    +            (no barding)
Will    +....        b - amulet of faith
Stlth   +++          g - ring of protection from cold
HPRegen 0.35/turn    (no ring)
MPRegen 0.14/turn

%: faith
@: short of breath, heroic, slowed, very slow
A: AC +3, large, see invisible, deformed body, poison resistance, slowness 2,
spit poison 2, naga tail 1, sense surroundings 1, MP-powered wands
a: Breathe Poison Gas, Renounce Religion, Heroism


You were on level 8 of the Dungeon.
You worshipped Okawaru.
Okawaru was most pleased with you.
You visited 2 branches of the dungeon, and saw 9 of its levels.

You collected 367 gold pieces.


Innate Abilities, Weirdness & Mutations

Your serpentine skin is tough. (AC +3)
You have supernaturally acute eyesight. (SInv)
Armour fits poorly on your strangely shaped body.
Your system is resistant to poisons. (rPois)
You cover ground very slowly.
You can exhale a cloud of poison.
You have a snake-like lower body.
You passively map a small area around you.
You expend magic power (3 MP) to strengthen your wands.


   Skills:
 - Level 7.5(12.5) Fighting
 - Level 11.0(16.0) Ranged Weapons
 + Level 1.5(6.5) Armour
 - Level 3.0(8.0) Dodging
 - Level 1.5(6.5) Stealth
 - Level 5.4 Invocations


You had 9 spell levels left.
You didn't know any spells.
Your spell library was empty.

Inventory:

Hand Weapons
 Y - a +1 shortbow (weapon)
Armour
 c - a +0 leather armour (worn)
 m - a +2 helmet (worn)
 q - a +0 cloak (worn)
 s - a +0 pair of gloves (worn)
Jewellery
 b - an amulet of faith (around neck)
 g - a ring of protection from cold (left hand)
 h - a ring of fire
Wands
 k - a wand of digging (6)
Scrolls
 a - a scroll of identify
Potions
 d - a potion of cancellation
 e - 2 potions of might
 f - 2 potions of haste
 i - a potion of ambrosia {unknown}
 n - a potion of curing {unknown}
 o - 2 potions of lignification {unknown}
 p - 2 potions of mutation
 r - a potion of enlightenment
 t - a potion of resistance {unknown}

Dungeon Overview and Level Annotations

Branches:
Dungeon (8/15)             Temple (1/1) D:5
   Lair: D:8-11

Altars:
Ashenzari
Cheibriados
Dithmenos
Elyvilon
Fedhas
Gozag
Hepliaklqana
Kikubaaqudgha
Makhleb
Nemelex Xobeh
Okawaru
Qazlal
Ru
Trog
Uskayaw
Vehumet
Wu Jian
Xom
Yredelemnul
Zin
The Shining One

Annotations:
D:2 1 runed translucent door, Crazy Yiuf
D:7 1 runed translucent door, qw's ghost, novice GrFi
D:8 Gastronok


Message History

Press: ? - help, Shift-Dir - straight line, f/p - Gastronok You exhale a blast of poison gas.
The poison gas engulfs Gastronok!
Gastronok is heavily wounded.
Gastronok is engulfed in poison gas.
Gastronok is poisoned.
Gastronok looks at you while chanting.
You feel as though you will be slow longer.
You shoot an arrow.
The arrow hits Gastronok but does no damage.
Gastronok is heavily wounded.
You shoot an arrow. The arrow hits Gastronok.
Gastronok is heavily wounded.
Gastronok is engulfed in poison gas.
Gastronok looks even sicker.
Gastronok bites you but does no damage.
You shoot an arrow. The arrow hits Gastronok!
Gastronok is severely wounded.
You feel like a meek peon again.
8401 ||| INVOKING Heroism.
You gain the combat prowess of a mighty hero.
You can no longer speed up your combat.
Gastronok looks even sicker.
Gastronok bites you!!
You shoot an arrow.
The arrow hits Gastronok but does no damage.
Gastronok is severely wounded.
You shoot an arrow. The arrow hits Gastronok.
Gastronok is severely wounded.
Gastronok bites you but does no damage.
You shoot an arrow. The arrow hits Gastronok!
Gastronok is severely wounded.
Gastronok bites you!
You shoot an arrow. The arrow hits Gastronok.
Gastronok is severely wounded.
You shoot an arrow. The arrow hits Gastronok.
Gastronok is severely wounded.
Gastronok barely misses you.
You shoot an arrow. The arrow hits Gastronok.
Gastronok is almost dead.
You shoot an arrow. The arrow hits Gastronok.
Gastronok is almost dead.
Gastronok bites you!
You die...

....................#
###.##.^........#.#.#
..###......####...#.#######
...#......................#
...#..>..........##.####.##
._##......#......#.......#
####.....##......#..######*
.......!.......)).........#
#....#..:......w@.........#
#.............!###..###.###
#.............., ...<.. #*
.####.....)....,.........
........o.##... ....###.#*
...... .. o..w...... ,.
....... ,..........##*
..####. #..... ..# .#...#


You could see Gastronok (swift, very poisoned).

Vanquished Creatures
  Pikel (D:7)
  A wyvern (D:8)
  11 yaks
  A water moccasin (D:5)
  2 sky beasts
  3 orc warriors
  3 ogres
  3 lemures
  A phantom (D:4)
  A kobold brigand (D:8)
  2 bullfrogs
  2 scorpions (D:6)
  6 wights
  A howler monkey (D:7)
  2 hounds (D:5)
  2 orc priests (D:8)
  A jelly (D:7)
  A sleepcap (D:6)
  3 iguanas
  5 orc wizards
  11 river rats (D:7)
  8 adders
  A shadow imp (D:7)
  A white imp (D:6)
  3 ufetubi
  3 worms
  4 dart slugs
  16 orcs
  7 endoplasms
  8 goblins
  8 hobgoblins
  12 jackals
  12 quokkas
  8 ball pythons
  7 bats
  7 frilled lizards
  19 kobolds
  13 rats
200 creatures vanquished.

Notes
Turn   | Place    | Note
-------+----------+-------------------------------------------
     0 | D:1      | qw the Naga Hunter began the quest for the Orb.
     0 | D:1      | Reached XP level 1. HP: 19/19 MP: 1/1
     0 | D:1      | 0 ||| qw: Version: 0.3-a-7-ge0c9b40
     0 | D:1      | 0 ||| qw: Game counter: 1048
     0 | D:1      | 0 ||| qw: Always use a shield: true
     0 | D:1      | 0 ||| qw: God list: Okawaru
     0 | D:1      | 0 ||| qw: Allow faded altars: false
     0 | D:1      | 0 ||| qw: Do Orc after D:15 true
     0 | D:1      | 0 ||| qw: Do second Lair branch before Depths: true
     0 | D:1      | 0 ||| qw: Lair rune preference: random
     0 | D:1      | 0 ||| qw: Plans: Normal
     0 | D:1      | 0 ||| PLANNING D:1-11
    30 | D:1      | Found a faded altar of an unknown god.
    32 | D:1      | 32 ||| INVOKING Spit Poison.
    65 | D:1      | 65 ||| INVOKING Spit Poison.
    71 | D:1      | 71 ||| INVOKING Spit Poison.
    74 | D:1      | Reached skill level 4 in Ranged Weapons
    74 | D:1      | Reached XP level 2. HP: 26/26 MP: 2/2
    77 | D:1      | 77 ||| INVOKING Spit Poison.
    83 | D:1      | 83 ||| INVOKING Spit Poison.
    88 | D:1      | 88 ||| INVOKING Spit Poison.
    93 | D:1      | 93 ||| INVOKING Spit Poison.
   109 | D:1      | 109 ||| INVOKING Spit Poison.
   145 | D:1      | 145 ||| INVOKING Spit Poison.
   150 | D:1      | 150 ||| INVOKING Spit Poison.
   160 | D:1      | 160 ||| INVOKING Spit Poison.
   167 | D:1      | 167 ||| INVOKING Spit Poison.
   239 | D:1      | Reached XP level 3. HP: 32/32 MP: 3/3
   247 | D:1      | 247 ||| INVOKING Spit Poison.
   318 | D:1      | 318 ||| INVOKING Spit Poison.
   343 | D:1      | 343 ||| INVOKING Spit Poison.
   347 | D:1      | 347 ||| INVOKING Spit Poison.
   366 | D:1      | 366 ||| INVOKING Spit Poison.
   438 | D:1      | 438 ||| INVOKING Spit Poison.
   483 | D:1      | 483 ||| INVOKING Spit Poison.
   487 | D:1      | 487 ||| INVOKING Spit Poison.
   524 | D:1      | 524 ||| INVOKING Spit Poison.
   581 | D:1      | 581 ||| INVOKING Spit Poison.
   615 | D:1      | 615 ||| INVOKING Spit Poison.
   764 | D:1      | 764 ||| INVOKING Spit Poison.
   788 | D:1      | 788 ||| READING 2 scrolls labelled GER PYRGHOABB.
   789 | D:1      | 789 ||| READING 2 scrolls labelled TIWNOT ZEUWORY.
   790 | D:1      | 790 ||| READING 2 scrolls labelled BISUSI MASUMAN.
   791 | D:1      | 791 ||| DROPPING scroll of butterflies.
   792 | D:1      | 792 ||| DROPPING scroll of immolation.
   793 | D:1      | 793 ||| DROPPING scroll of revelation.
   871 | D:2      | 871 ||| INVOKING Spit Poison.
   876 | D:2      | 876 ||| INVOKING Spit Poison.
   882 | D:2      | 882 ||| INVOKING Spit Poison.
   886 | D:2      | 886 ||| INVOKING Spit Poison.
   887 | D:2      | 887 ||| INVOKING Spit Poison.
   989 | D:2      | 989 ||| INVOKING Spit Poison.
  1013 | D:2      | 1013 ||| INVOKING Spit Poison.
  1019 | D:2      | 1019 ||| INVOKING Spit Poison.
  1022 | D:2      | Reached skill level 5 in Ranged Weapons
  1022 | D:2      | Reached XP level 4. HP: 24/39 MP: 4/4
  1084 | D:2      | 1084 ||| INVOKING Spit Poison.
  1176 | D:2      | 1176 ||| INVOKING Spit Poison.
  1222 | D:2      | 1222 ||| INVOKING Spit Poison.
  1367 | D:2      | 1367 ||| INVOKING Spit Poison.
  1374 | D:2      | 1374 ||| INVOKING Spit Poison.
  1411 | D:2      | 1411 ||| INVOKING Spit Poison.
  1449 | D:2      | Found a runed translucent door.
  1450 | D:2      | Noticed Crazy Yiuf
  1562 | D:2      | 1562 ||| INVOKING Spit Poison.
  1565 | D:2      | 1565 ||| INVOKING Spit Poison.
  2684 | D:3      | 2684 ||| INVOKING Spit Poison.
  2688 | D:3      | 2688 ||| INVOKING Spit Poison.
  2713 | D:3      | 2713 ||| INVOKING Spit Poison.
  2714 | D:3      | 2714 ||| INVOKING Spit Poison.
  2752 | D:3      | 2752 ||| INVOKING Spit Poison.
  2756 | D:3      | Reached skill level 3 in Fighting
  2757 | D:3      | 2757 ||| INVOKING Spit Poison.
  2761 | D:3      | 2761 ||| INVOKING Spit Poison.
  2769 | D:3      | 2769 ||| INVOKING Spit Poison.
  2847 | D:3      | 2847 ||| INVOKING Spit Poison.
  2954 | D:3      | 2954 ||| INVOKING Spit Poison.
  2955 | D:3      | 2955 ||| INVOKING Spit Poison.
  2977 | D:3      | 2977 ||| INVOKING Spit Poison.
  3335 | D:3      | 3335 ||| UPGRADING to +2 helmet.
  3340 | D:3      | 3340 ||| UPGRADING to ring of protection from cold.
  3341 | D:3      | 3341 ||| READING scroll labelled OSONUW WYGHUY.
  3342 | D:3      | 3342 ||| READING scroll labelled RAYTZE TEBIAM.
  3447 | D:4      | 3447 ||| INVOKING Spit Poison.
  3449 | D:4      | Reached XP level 5. HP: 49/49 MP: 5/5
  3507 | D:4      | 3507 ||| INVOKING Spit Poison.
  3526 | D:4      | 3526 ||| INVOKING Spit Poison.
  3561 | D:4      | 3561 ||| INVOKING Spit Poison.
  3562 | D:4      | Noticed a phantom
  3578 | D:4      | Killed a phantom
  3880 | D:4      | 3880 ||| INVOKING Spit Poison.
  3999 | D:4      | 3999 ||| INVOKING Spit Poison.
  4055 | D:4      | 4055 ||| DROPPING ring of flight.
  4056 | D:4      | 4056 ||| READING 3 scrolls labelled BIEFYA YTUYRIJ.
  4057 | D:4      | 4057 ||| READING scroll labelled YBBUN EDWIJESH.
  4058 | D:4      | 4058 ||| READING scroll labelled HICOTY ZEIGGIE.
  4062 | D:4      | 4062 ||| READING scroll labelled PIURAUF TOFF.
  4063 | D:4      | 4063 ||| DROPPING 2 scrolls of fog.
  4081 | D:5      | Entered Level 5 of the Dungeon
  4085 | D:5      | 4085 ||| INVOKING Spit Poison.
  4101 | D:5      | 4101 ||| INVOKING Spit Poison.
  4108 | D:5      | 4108 ||| INVOKING Spit Poison.
  4110 | D:5      | Reached skill level 6 in Ranged Weapons
  4110 | D:5      | Reached XP level 6. HP: 56/56 MP: 6/6
  4316 | D:5      | Found a staircase to the Ecumenical Temple.
  4317 | D:5      | 4317 ||| PLANNING TEMPLE
  4317 | D:5      | 4317 ||| DRINKING 2 grey potions.
  4317 | D:5      | Gained mutation: You have hidden genetic potential. [potion
                  | of mutation]
  4317 | D:5      | Gained mutation: You passively map a small area around you.
                  | [potion of mutation]
  4318 | D:5      | 4318 ||| READING 2 scrolls of identify.
  4318 | D:5      | 4318 ||| IDENTIFYING black potion
  4319 | D:5      | 4319 ||| DROPPING potion of brilliance.
  4329 | Temple   | Entered the Ecumenical Temple
  4330 | Temple   | 4330 ||| PLANNING OKAWARU WORSHIP
  4335 | Temple   | Became a worshipper of Warmaster Okawaru
  4336 | Temple   | 4336 ||| PLANNING D:1-11
  4440 | D:5      | 4440 ||| INVOKING Spit Poison.
  4443 | D:5      | 4443 ||| INVOKING Spit Poison.
  4448 | D:5      | 4448 ||| INVOKING Spit Poison.
  4450 | D:5      | 4450 ||| FLEEEEING.
  4454 | D:5      | 4454 ||| STAIRDANCE
  4561 | D:4      | 4561 ||| UPGRADING to amulet of faith.
  4566 | D:4      | 4566 ||| READING 2 scrolls of identify.
  4566 | D:4      | 4566 ||| IDENTIFYING fuming puce potion
  4569 | D:5      | 4569 ||| INVOKING Spit Poison.
  4578 | D:5      | 4578 ||| STAIRDANCE
  4749 | D:5      | 4749 ||| INVOKING Spit Poison.
  4785 | D:5      | 4785 ||| INVOKING Spit Poison.
  4788 | D:5      | 4788 ||| INVOKING Spit Poison.
  4790 | D:5      | Reached XP level 7. HP: 59/61 MP: 7/7
  4798 | D:5      | 4798 ||| INVOKING Spit Poison.
  4802 | D:5      | 4802 ||| INVOKING Spit Poison.
  4847 | D:5      | 4847 ||| INVOKING Spit Poison.
  4858 | D:5      | HP: 14/63 [poisoned by a water moccasin]
  4860 | D:5      | Reached * piety under Okawaru
  4861 | D:5      | Reached skill level 7 in Ranged Weapons
  4863 | D:5      | HP: 9/64 [poisoned by a water moccasin]
  4871 | D:5      | Gained mutation: You can exhale a cloud of poison. [hidden
                  | potential]
  5044 | D:5      | 5044 ||| INVOKING Breathe Poison Gas.
  5267 | D:5      | 5267 ||| READING 3 scrolls labelled HAISE KOSHRODGH.
  5268 | D:5      | 5268 ||| STAIRDANCE
  5370 | D:4      | 5370 ||| DRINKING 2 green potions.
  5371 | D:4      | 5371 ||| READING 2 scrolls of identify.
  5371 | D:4      | 5371 ||| IDENTIFYING lumpy clear potion
  5372 | D:4      | 5372 ||| DROPPING potion of berserk rage.
  5373 | D:4      | 5373 ||| DROPPING 2 scrolls of silence.
  5410 | D:6      | 5410 ||| INVOKING Heroism.
  5411 | D:6      | 5411 ||| INVOKING Heroism.
  5412 | D:6      | 5412 ||| INVOKING Heroism.
  5413 | D:6      | 5413 ||| INVOKING Breathe Poison Gas.
  5424 | D:6      | 5424 ||| STAIRDANCE
  5428 | D:5      | 5428 ||| INVOKING Heroism.
  5430 | D:5      | Reached skill level 1 in Invocations
  5517 | D:6      | 5517 ||| STAIRDANCE
  5526 | D:5      | 5526 ||| INVOKING Heroism.
  5637 | D:6      | 5637 ||| STAIRDANCE
  5703 | D:6      | 5703 ||| STAIRDANCE
  5777 | D:6      | 5777 ||| INVOKING Breathe Poison Gas.
  5793 | D:6      | Reached XP level 8. HP: 66/66 MP: 9/9
  5853 | D:6      | 5853 ||| INVOKING Heroism.
  5854 | D:6      | 5854 ||| INVOKING Breathe Poison Gas.
  5885 | D:6      | 5885 ||| INVOKING Breathe Poison Gas.
  5895 | D:6      | Gained mutation: You expend magic power (3 MP) to
                  | strengthen your wands. [hidden potential]
  5895 | D:6      | Lost mutation: You have hidden genetic potential. [hidden
                  | potential expressed]
  5934 | D:6      | 5934 ||| INVOKING Breathe Poison Gas.
  5940 | D:6      | Reached skill level 8 in Ranged Weapons
  5940 | D:6      | Reached skill level 3 in Invocations
  5969 | D:6      | 5969 ||| INVOKING Breathe Poison Gas.
  6031 | D:6      | 6031 ||| INVOKING Breathe Poison Gas.
  6097 | D:6      | 6097 ||| INVOKING Breathe Poison Gas.
  6111 | D:6      | 6111 ||| INVOKING Heroism.
  6112 | D:6      | 6112 ||| INVOKING Breathe Poison Gas.
  6182 | D:6      | 6182 ||| INVOKING Breathe Poison Gas.
  6335 | D:7      | 6335 ||| INVOKING Breathe Poison Gas.
  6337 | D:7      | Reached ** piety under Okawaru
  6345 | D:7      | 6345 ||| INVOKING Breathe Poison Gas.
  6356 | D:7      | 6356 ||| INVOKING Heroism.
  6444 | D:7      | 6444 ||| INVOKING Breathe Poison Gas.
  6490 | D:7      | 6490 ||| INVOKING Breathe Poison Gas.
  6507 | D:7      | Noticed qw's ghost (novice GrFi)
  6508 | D:7      | Found a runed translucent door.
  6555 | D:7      | 6555 ||| INVOKING Breathe Poison Gas.
  6574 | D:7      | 6574 ||| INVOKING Breathe Poison Gas.
  6743 | D:7      | 6743 ||| INVOKING Heroism.
  6744 | D:7      | 6744 ||| INVOKING Breathe Poison Gas.
  6873 | D:7      | 6873 ||| INVOKING Breathe Poison Gas.
  6876 | D:7      | Reached skill level 9 in Ranged Weapons
  6876 | D:7      | Reached XP level 9. HP: 81/81 MP: 12/12
  7005 | D:7      | 7005 ||| INVOKING Breathe Poison Gas.
  7013 | D:7      | 7013 ||| INVOKING Breathe Poison Gas.
  7031 | D:7      | 7031 ||| INVOKING Breathe Poison Gas.
  7032 | D:7      | Reached skill level 1 in Armour
  7043 | D:7      | 7043 ||| INVOKING Breathe Poison Gas.
  7087 | D:7      | 7087 ||| INVOKING Breathe Poison Gas.
  7103 | D:7      | Reached skill level 3 in Dodging
  7151 | D:7      | 7151 ||| INVOKING Breathe Poison Gas.
  7165 | D:7      | 7165 ||| INVOKING Breathe Poison Gas.
  7262 | D:7      | 7262 ||| UPGRADING to +0 cloak.
  7267 | D:7      | 7267 ||| UPGRADING to +0 pair of gloves.
  7272 | D:7      | 7272 ||| READING scroll labelled SAFRUL RIUGG.
  7273 | D:7      | 7273 ||| DRINKING 2 pink potions.
  7274 | D:7      | 7274 ||| READING 5 scrolls of identify.
  7274 | D:7      | 7274 ||| IDENTIFYING fuming black potion
  7275 | D:7      | 7275 ||| READING 4 scrolls of identify.
  7275 | D:7      | 7275 ||| IDENTIFYING fizzy black potion
  7276 | D:7      | 7276 ||| READING 3 scrolls of identify.
  7276 | D:7      | 7276 ||| IDENTIFYING fizzy golden potion
  7277 | D:7      | 7277 ||| READING 2 scrolls of identify.
  7277 | D:7      | 7277 ||| IDENTIFYING lumpy coppery potion
  7278 | D:7      | 7278 ||| DROPPING potion of attraction.
  7279 | D:7      | 7279 ||| DROPPING potion of degeneration.
  7301 | D:8      | Noticed Pikel
  7302 | D:8      | 7302 ||| INVOKING Heroism.
  7303 | D:8      | 7303 ||| INVOKING Breathe Poison Gas.
  7317 | D:8      | 7317 ||| STAIRDANCE
  7319 | D:7      | 7319 ||| INVOKING Breathe Poison Gas.
  7319 | D:7      | HP: 16/81 [yak (11)]
  7320 | D:7      | 7320 ||| DRINKING potion of heal wounds.
  7323 | D:7      | Killed Pikel
  7323 | D:7      | Reached *** piety under Okawaru
  7516 | D:8      | 7516 ||| STAIRDANCE
  7518 | D:7      | 7518 ||| INVOKING Heroism.
  7519 | D:7      | 7519 ||| INVOKING Breathe Poison Gas.
  7729 | D:8      | 7729 ||| INVOKING Breathe Poison Gas.
  7731 | D:8      | 7731 ||| INVOKING Heroism.
  7732 | D:8      | 7732 ||| Stepping ~*~*~tactically~*~*~ (outnumbered).
  7738 | D:8      | 7738 ||| INVOKING Breathe Poison Gas.
  7753 | D:8      | Reached skill level 10 in Ranged Weapons
  7753 | D:8      | Reached XP level 10. HP: 74/94 MP: 13/13
  7761 | D:8      | 7761 ||| INVOKING Breathe Poison Gas.
  7896 | D:8      | 7896 ||| INVOKING Breathe Poison Gas.
  7902 | D:8      | Found a hide-covered altar of Uskayaw.
  7942 | D:8      | 7942 ||| INVOKING Breathe Poison Gas.
  7946 | D:8      | Reached **** piety under Okawaru
  7958 | D:8      | 7958 ||| INVOKING Heroism.
  7966 | D:8      | 7966 ||| Stepping ~*~*~tactically~*~*~ (outnumbered).
  7970 | D:8      | 7970 ||| INVOKING Breathe Poison Gas.
  8295 | D:8      | Found a blossoming altar of Fedhas.
  8301 | D:8      | Found a sparkling altar of Nemelex Xobeh.
  8302 | D:8      | Found a hazy altar of Hepliaklqana.
  8352 | D:8      | 8352 ||| INVOKING Breathe Poison Gas.
  8354 | D:8      | 8354 ||| INVOKING Heroism.
  8355 | D:8      | Noticed Gastronok
  8356 | D:8      | 8356 ||| Stepping ~*~*~tactically~*~*~ (outnumbered).
  8367 | D:8      | Reached skill level 11 in Ranged Weapons
  8375 | D:8      | 8375 ||| INVOKING Heroism.
  8376 | D:8      | 8376 ||| INVOKING Breathe Poison Gas.
  8397 | D:8      | 8397 ||| INVOKING Breathe Poison Gas.
  8401 | D:8      | 8401 ||| INVOKING Heroism.
  8404 | D:8      | HP: 12/94 [Gastronok (13)]
  8408 | D:8      | Slain by Gastronok

Levels and vault maps discovered:
D:1:      minmay_arrival_hallway, layout_loops_ring,
          shapermc_ecumenical_altar_pompeii, due_unseen_surprise
D:2:      layout_loops_corners, uniq_crazy_yiuf_cottage
D:3:      layout_basic, st_stairs_13, minivault_11
D:4:      layout_basic
D:5:      wad_lake_hut, layout_loops_ring, minmay_temple_entry_butterflies
D:6:      layout_rooms
D:7:      lemuel_ratsnest, layout_basic, gammafunk_ghost_grave
D:8:      nicolae_hitomezashi [nicolae_hito_row, nicolae_hito_row,
          nicolae_hito_row, nicolae_hito_row, nicolae_hito_row,
          nicolae_hito_row, nicolae_hito_row, nicolae_hito_row,
          nicolae_hito_row, nicolae_hito_row, nicolae_hito_row,
          nicolae_hito_row, nicolae_hito_row, nicolae_hito_row,
          nicolae_hito_row, nicolae_hito_row, nicolae_hito_row,
          nicolae_hito_row], layout_basic, mainiacjoe_overflow_24_doors,
          gammafunk_temple_overflow_forgotten, enter_bailey_2, uniq_pikel,
          uniq_gastronok
Temple:   sentei_temple_godly_chess

Skill      XL: |  1  2  3  4  5  6  7  8  9 10 |
---------------+-------------------------------+-----
Ranged Weapons | 4 5 6 7 9 10 11 | 11.0
Fighting       | 3 4 5 7 |  7.5
Dodging        | 2 3 |  3.0
Invocations    | 1 4 5 |  5.4
Armour         | 1 |  1.5
Stealth        | |  1.5

Action                     |  1- 3 |  4- 6 |  7- 9 | 10-12 || total
---------------------------+-------+-------+-------+-------++-------
   Fire: Shortbow          |    91 |   129 |   248 |    91 ||   559
 Invoke: Heroism           |       |       |    10 |     4 ||    14
Ability: Spit Poison       |    31 |    34 |     3 |       ||    68
         Breathe Poison Ga |       |       |    31 |     7 ||    38
    Use: Scroll            |     3 |     8 |     7 |       ||    18
         Potion            |       |     1 |     3 |       ||     4
 Armour: Leather armour    |    15 |    20 |    54 |    15 ||   104
  Dodge: Dodged            |    42 |    31 |    95 |    30 ||   198

Table legend:
 A = Non-vault XP
 B = Vault XP
 C = Vault XP percentage of total XP
 D = Non-vault monster count
 E = Vault monster count
 F = Vault count percentage of total count
                 A         B        C        D         E       F
            +---------+---------+-------+---------+---------+-------
      Total |    5538 |     859 |  13.4 |     166 |      31 |  15.7
            +---------+---------+-------+---------+---------+-------
        D:1 |      64 |       0 |   0.0 |      38 |       0 |   0.0
        D:2 |      55 |       0 |   0.0 |      22 |       0 |   0.0
        D:3 |      38 |       2 |   5.0 |      15 |       1 |   6.2
        D:4 |     212 |       0 |   0.0 |      12 |       0 |   0.0
        D:5 |     623 |       0 |   0.0 |      15 |       0 |   0.0
        D:6 |     940 |       0 |   0.0 |      16 |       0 |   0.0
        D:7 |    1328 |     857 |  39.2 |      20 |      30 |  60.0
        D:8 |    2278 |       0 |   0.0 |      28 |       0 |   0.0
            +---------+---------+-------+---------+---------+-------
